cohdb
Replays
Latest Replays
All Replays
Popular Replays
Top Player Replays
Match Explorer
How It Works
Community
CoH3 Stats
Reddit
Sign in to upload your games and track your stats! →
Sign in with Steam
Match 41444771
Unlisted
Match 41444771
Overview
Messages
Build Orders
End
Construct Section Command Post
Royal Engineer Section
Selects Heavy Armor Battlegroup
Dingo Light Scout Car
Construct Platoon Command Post
Humber Armored Car
Unlock M3 Stuart Light Tanks
M3 Stuart Light Tank
Light Vehicle Training
Selects Engineer Detachments
M3 Stuart Light Tank
M3 Stuart Light Tank
M3 Stuart Light Tank
M3 Stuart Light Tank
Selects Light Vehicle Withdraw and Refit
Selects Radio Net
Construct Company Command Post
Radio Net
Selects Forward Repair Assembly
Selects UNKNOWN (2162094)
Churchill IV Heavy Tank
Armored Vehicle Training
Selects Recon Artillery
Weebanori
Fey Mood
Qatheeb al-Akbar
YangXYZ
MajorZ14
Victor #52
Mr.Faraam
Plops
0
0
Comments
sign in to comment!
No comments posted yet!